 Dungeon Crawl Stone Soup version 0.20.0-8-g6b59dc7 (webtiles) character file.

272 4thArraOfDagon the Carver (level 6, 0/51 HPs)
             Began as a Minotaur Berserker on May 31, 2017.
             Was a Follower of Trog.
             Slain by a gnoll
             ... wielding a +0 halberd
              (3 damage)
             ... on level 2 of the Dungeon.
             The game lasted 00:02:29 (380 turns).

4thArraOfDagon the Carver (Minotaur Berserker)       Turns: 380, Time: 00:02:30

Health: 0/51       AC:  2    Str: 22    XL:     6   Next: 2%
Magic:  5/5        EV: 12    Int:  6    God:    Trog [*.....]
Gold:   45         SH:  0    Dex:  9    Spells: 5/5 levels left

rFire    . . .     SeeInvis .   a - +0 falchion
rCold    . . .     Gourm    .   (no shield)
rNeg     . . .     Faith    .   b - +0 animal skin
rPois    .         Spirit   .   (helmet restricted)
rElec    .         Reflect  .   (no cloak)
rCorr    .         Harm     .   (no gloves)
MR       .....                  (no boots)
Stlth    +.........             (no amulet)
Regen    0.2/turn               (no ring)
MPRegen  0.1/turn               (no ring)

@: lethally poisoned (0 -> -3), berserk cooldown, slowed, very slow
A: retaliatory headbutt, horns 2
a: Berserk, Burn Spellbooks, Renounce Religion


You were on level 2 of the Dungeon.
You worshipped Trog.
Trog was aware of your devotion.
You were very hungry.

You visited 1 branch of the dungeon, and saw 2 of its levels.

You collected 45 gold pieces.

Inventory:

Hand Weapons
 a - a +0 falchion (weapon)
Armour
 b - a +0 animal skin (worn)
Scrolls
 d - a scroll of identify {unknown}
 e - a scroll of recharging {unknown}
 g - a scroll of immolation {unknown}
 i - a scroll of magic mapping {unknown}
Potions
 h - 2 potions of brilliance {unknown}
Comestibles
 c - a bread ration
 f - 3 chunks of flesh


   Skills:
 - Level 3.6 Fighting
 * Level 8.2 Long Blades
 - Level 2.4 Armour
 - Level 2.1 Dodging


You had 5 spell levels left.
You didn't know any spells.

Dungeon Overview and Level Annotations

Branches:
Dungeon (2/15)

Altars:


Innate Abilities, Weirdness & Mutations

You reflexively headbutt those who attack you in melee.
You have a pair of horns on your head.


Message History

You barely miss the adder.
The adder is severely wounded.
The adder bites you.
* * * LOW HITPOINT WARNING * * *
Unknown command.
You slash the adder!
You kill the adder!
Trog accepts your kill.
You have reached level 6!
Your experience leads to an increase in your attributes!
Your base attributes are Str 22, Int 5, Dex 9.
Increase (S)trength, (I)ntelligence, or (D)exterity?
You feel clever.
You are no longer berserk.
You are exhausted.
You feel yourself slow down.
The gnoll hits you from afar with a spear!
* * * LOW HITPOINT WARNING * * *
The gnoll hits you from afar with a halberd.
You die...

#....... #.<.# #####...
# #...# ####
#<#######...##### ####
...... ...⌠... .# #...
......# .....##.# ♣.♣♣
.....g.##...##..# .P♣
......).##†##...# ♣P
.....g†@.#)#....# ♣..
.........†......##♣ P.
................#.♣♣ ♣
................#..♣♣ ♣
...........####.#...♣♣♣♣
...........# #.........
...........#####.......)
#############..#........
#..P.........


You could see 2 gnolls.

Vanquished Creatures
  Sigmund (D:2)
  Natasha (twice) (D:2)
  A gnoll (D:2)
  4 adders (D:2)
  A worm (D:2)
  A leopard gecko (D:2)
  2 bats (D:2)
  2 goblins (D:2)
  2 hobgoblins (D:2)
  2 frilled lizards (D:2)
  A kobold (D:2)
  3 rats (D:2)
22 creatures vanquished.

Notes
Turn   | Place    | Note
-------+----------+-------------------------------------------
     0 | D:1      | 4thArraOfDagon the Minotaur Berserker began the quest for the Orb.
     0 | D:1      | Reached XP level 1. HP: 19/19 MP: 0/0
    68 | D:2      | Turgon: Hi, why didn't you do tomb as last rune in your MiFi game?
    82 | D:1      | You fall through a shaft!
    82 | D:2      | Noticed Natasha
    86 | D:2      | Killed Natasha
    86 | D:2      | Reached skill level 5 in Long Blades
    86 | D:2      | Reached XP level 2. HP: 26/26 MP: 1/1
   104 | D:2      | Reached XP level 3. HP: 12/31 MP: 2/2
   171 | D:2      | Noticed Sigmund
   181 | D:2      | Killed Sigmund
   181 | D:2      | Reached skill level 7 in Long Blades
   181 | D:2      | Reached XP level 4. HP: 34/39 MP: 3/3
   181 | D:2      | Reached XP level 5. HP: 39/45 MP: 4/4
   194 | D:2      | Noticed Natasha
   197 | D:2      | Killed Natasha
   248 | D:2      | 4thArraOfDagon: tomb as last rune?
   248 | D:2      | 4thArraOfDagon: its extra 1k
   265 | D:2      | Turgon: yes
   328 | D:2      | Turgon: but better chance to survive khufu
   371 | D:2      | Reached skill level 8 in Long Blades
   380 | D:2      | Reached XP level 6. HP: 17/51 MP: 5/5
   380 | D:2      | Slain by a gnoll

Skill      XL: |  1  2  3  4  5 |
---------------+----------------+-----
Long Blades    | 5 7 8 |  8.2
Fighting       | |  3.6
Armour         | |  2.4
Dodging        | |  2.1

Action                   |  1- 3 |  4- 6 || total
-------------------------+-------+-------++-------
Melee: Falchion          |    25 |    22 ||    47
       Headbutt          |     3 |     3 ||     6
Invok: Berserk           |     2 |     2 ||     4
  Use: Potion            |     2 |       ||     2
  Eat: Chunk             |       |     1 ||     1
Armor: Animal skin       |     4 |     3 ||     7
Dodge: Dodged            |    14 |    19 ||    33
       Rpst.: Falchion   |     1 |     2 ||     3
